 Dungeon Crawl Stone Soup version 0.30-a0-862-g1aabd4f9c5 (webtiles) character file.

Game seed: 240462895393863470

111 qeuew the Cudgeller (level 4, -7/35 HPs)
             Began as a Demonspawn Chaos Knight on Mar 9, 2023.
             Was a Plaything of Xom.
             Killed by divine providence
             ... invoked by an orc priest
              (16 damage)
             ... on level 3 of the Dungeon.
             The game lasted 00:01:53 (1893 turns).

qeuew the Cudgeller (Demonspawn Chaos Knight)       Turns: 1893, Time: 00:01:54

Health: -7/35      AC:  7    Str: 14    XL:     4   Next: 62%
Magic:  4/4        EV: 11    Int: 14    God:    Xom [...*..]
Gold:   38         SH:  0    Dex: 12    Spells: 3/3 levels left

rFire   . . .      SeeInvis .    a - +0 mace (chaos)
rCold   . . .      Faith    .    (no shield)
rNeg    . . .      Spirit   .    b - +2 leather armour
rPois   .          Reflect  .    (no helmet)
rElec   .          Rampage  .    (no cloak)
rCorr   .                        (no gloves)
Will    .....                    (no boots)
Stlth   +                        (no amulet)
HPRegen 0.25/turn                (no ring)
MPRegen 0.09/turn                (no ring)

@: no status effects
A: hooves 1, icy blue scales 1, demonic magic 1
a: Renounce Religion


You were on level 3 of the Dungeon.
You worshipped Xom.
You were a favourite toy of Xom.
You visited 1 branch of the dungeon, and saw 3 of its levels.

You collected 38 gold pieces.

Inventory:

Hand Weapons
 a - a +0 mace of chaos (weapon)
Armour
 b - a +2 leather armour (worn)
Jewellery
 f - an amulet of regeneration
Wands
 e - a wand of quicksilver (6)
 j - a wand of paralysis (4)
Scrolls
 d - a scroll of teleportation
Potions
 g - a potion of might
 k - a potion of resistance
Miscellaneous
 c - a piece from Xom's chessboard (15/15) (quivered)


   Skills:
 + Level 3.4 Fighting
 * Level 3.6 Maces & Flails
 + Level 2.3 Armour
 + Level 1.7 Dodging
 + Level 1.4 Evocations


You had 3 spell levels left.
You didn't know any spells.
Your spell library was empty.

Dungeon Overview and Level Annotations

Branches:
Dungeon (3/15)

Altars:
Xom

Shops:
D:1 [


Innate Abilities, Weirdness & Mutations

You have large cloven feet.
You are partially covered in icy blue scales. (AC +2)
Spells you cast may paralyse adjacent enemies.


Message History

Deactivating autopickup; reactivate with Ctrl-A.
The orc shouts!
You hit something. You burn something. Your kick misses something.
Something hits you.
Unknown command.
You hit something.
Reactivating autopickup.
You feel a bit more experienced.
Found a glowing short sword.
A goblin comes into view. It is wielding a +0 club.
The hobgoblin barely misses you.
Things that are here:
a +0 dagger; a +0 robe A rat comes into view.
The goblin shouts!
The giant cockroach waves its antennae.
The giant cockroach misses you. The orc barely misses you. x2
The hobgoblin barely misses you.
An orc comes into view. It is wielding a +0 club.
The giant cockroach bites you.
You barely miss the orc.
The orc shouts!
You kick the orc, but do no damage.
You hear a shout!
The orc priest barely misses you. The orc barely misses you.
The orc priest hits you with a +0 whip. The orc hits you but does no damage.
The hobgoblin closely misses you. The giant cockroach closely misses you.
You hear a shout!
You closely miss the orc. Your kick misses the orc. The orc barely misses you.
The orc hits you with a +0 club.
The orc priest hits you but does no damage. x2
The hobgoblin hits you but does no damage.
The giant cockroach bites you but does no damage.
The orc priest hits you with a +0 whip. The hobgoblin barely misses you.
The orc misses you. The orc hits you with a +0 flail.
* * * LOW HITPOINT WARNING * * *
The orc priest mumbles some strange prayers to Beogh against you.
Beogh smites you!
You die...
Xom giggles madly!

#........ #)......
#....... #....o.#
#.....r# #....g.#
#...ooo######
#...B@g......
#....)o......
#............
########....####
+........##..#..
#.............#
.###.....#..>..###
........#..##....#
........#......#.###


You could see 2 orc priests, 3 orcs, a giant cockroach, a hobgoblin, a goblin
and a rat.

Vanquished Creatures
  An orc wizard (D:3)
  5 adders (D:2)
  3 dart slugs
  4 endoplasms
  4 giant cockroaches
  3 goblins (D:1)
  2 quokkas (D:1)
  2 ball pythons (D:1)
  5 bats
  5 frilled lizards
  A kobold (D:1)
  5 rats
40 creatures vanquished.

Vanquished Creatures (others)
  3 fungi (D:3)
3 creatures vanquished.

Grand Total: 43 creatures vanquished

Notes
Turn   | Place    | Note
-------+----------+-------------------------------------------
     0 | D:1      | qeuew the Demonspawn Chaos Knight began the quest for the
                  | Orb.
     0 | D:1      | Reached XP level 1. HP: 18/18 MP: 1/1
    55 | D:1      | XOM: silly message
   133 | D:1      | Reached skill level 1 in Dodging
   145 | D:1      | XOM: scenery: create altars
   244 | D:1      | Gained mutation: You have large cloven feet. [demonic
                  | ancestry]
   244 | D:1      | Reached XP level 2. HP: 22/24 MP: 2/2
   255 | D:1      | Found Noelluat's Armour Emporium.
   500 | D:1      | XOM: god gift: bone wand {god gift}
   589 | D:1      | You fall into a shaft and drop 1 floor!
   706 | D:2      | Gained mutation: You are partially covered in icy blue
                  | scales. (AC +2) [demonic ancestry]
   706 | D:2      | Reached XP level 3. HP: 29/29 MP: 3/3
   991 | D:2      | XOM: polymorph quokka -> giant cockroach
  1090 | D:2      | Reached skill level 1 in Evocations
  1306 | D:2      | Gained mutation: Spells you cast may paralyse adjacent
                  | enemies. [demonic ancestry]
  1306 | D:2      | Reached XP level 4. HP: 35/35 MP: 4/4
  1701 | D:2      | XOM: summons 3 hostile shadow creatures
  1844 | D:2      | XOM: god gift: wand of quicksilver (6)
  1893 | D:3      | Killed from afar by an orc priest

Illustrated notes

Levels and vault maps discovered:
D:1:      dpeg_arrival_water_fire, layout_basic, serial_shops, shop
D:2:      layout_basic
D:3:      layout_basic, mainiacjoe_overflow_catch_the_wave,
          grunt_temple_overflow_open, serial_shops,
          nicolae_shop_advertising_works [nicolae_subvault_shop_adworks]

Skill      XL: |  1  2  3 |
---------------+----------+-----
Dodging        | 1 |  1.7
Armour         | 2 |  2.3
Maces & Flails | 3 |  3.6
Evocations     | 1 |  1.4
Fighting       | |  3.4

Action                     |  1- 3 |  4- 6 || total
---------------------------+-------+-------++-------
  Melee: Mace              |    92 |    28 ||   120
         Kick              |     9 |     9 ||    18
    Use: Scroll            |     7 |     2 ||     9
         Potion            |       |     2 ||     2
   Stab: Paralysed         |     1 |       ||     1
 Armour: Leather armour    |    46 |    15 ||    61
  Dodge: Dodged            |    59 |    34 ||    93

Table legend: (Time is in decaauts)
 A = Elapsed time spent in this place.
 B = Non-inter-level travel time spent in this place.
 C = Inter-level travel time spent in this place.
 D = Time resting spent in this place.
 E = Time spent auto-exploring this place.
 F = Levels seen in this place.
 G = Mean time per level.
                   A        B        C        D        E       F      G
               +--------+--------+--------+--------+--------+-----+--------+
         Total |   1923 |   1820 |    103 |      0 |   1496 |   3 |  641.0 |
       Dungeon |   1923 |   1820 |    103 |      0 |   1496 |   3 |  641.0 |
               +--------+--------+--------+--------+--------+-----+--------+

Top non-repeatable levels by time:
     D:2: 1024 daAuts
     D:1: 858 daAuts
     D:3: 39 daAuts
